 Dungeon Crawl Stone Soup version 0.29.1-15-g9cfb28693d (webtiles) character file.

Game seed: 4862871610971879231

4389 GeoRichter the Spear-Bearer (level 10, -10/63 (79) HPs)
             Began as a Demonspawn Monk on Mar 1, 2023.
             Was an Elder of Makhleb.
             Mangled by a wyvern (13 damage)
             ... on level 8 of the Dungeon.
             The game lasted 00:20:12 (12119 turns).

GeoRichter the Spear-Bearer (Demonspawn Monk)      Turns: 12119, Time: 00:20:13

HP:   -10/63 (79)   AC: 10    Str: 14    XL:     10   Next: 13%
MP:   15/15         EV: 12    Int: 12    God:    Makhleb [****..]
Gold: 479           SH:  4    Dex: 17    Spells: 9/9 levels left

rFire   . . .      SeeInvis .   n - +0 trident
rCold   . . .      Faith    .   (no shield)
rNeg    . . .      Spirit   .   G - +1 ring mail "Tuzetix" {Rampage}
rPois   .          Reflect  .   (no helmet)
rElec   .          Harm     .   (no cloak)
rCorr   .          Rampage  +   (no gloves)
Will    .....                   A - +0 pair of boots
Stlth   ++........              (no amulet)
HPRegen 0.20/turn               i - ring of flight
MPRegen 0.14/turn               (no ring)

@: flying, hasted, heavily drained, very quick
A: claws 2, slimy green scales 2, powered by pain 2, condensation shield
a: Renounce Religion, Minor Destruction, Lesser Servant of Makhleb, Major
Destruction


You were on level 8 of the Dungeon.
You worshipped Makhleb.
Makhleb was greatly pleased with you.
You visited 1 branch of the dungeon, and saw 8 of its levels.
You also visited: Ossuary.

You collected 479 gold pieces.

Inventory:

Hand Weapons
 n - a +0 trident (weapon)
   (You found it on level 1 of the Dungeon)
 y - a +0 halberd
   (You took it off a gnoll on level 4 of the Dungeon)
Armour
 A - a +0 pair of boots (worn)
   (You found it on level 6 of the Dungeon)
 G - the +1 ring mail "Tuzetix" (worn) {Rampage}
   (You found it on level 5 of the Dungeon)

   Rampage:   It bestows one free step when moving towards enemies.
Jewellery
 i - a ring of flight (left claw)
   (You found it on level 1 of the Dungeon)
 F - an amulet of faith {!P}
   (You took it off a goblin on level 6 of the Dungeon)
Wands
 e - a wand of roots (14)
   (You took it off Natasha on level 3 of the Dungeon)
 r - a wand of flame (48)
   (You found it on level 2 of the Dungeon)
 s - a wand of polymorph (4)
   (You took it off Ijyb on level 3 of the Dungeon)
Scrolls
 b - a scroll of acquirement {unknown}
 d - 2 scrolls of vulnerability {!r}
 g - a scroll of torment {unknown}
 h - 9 scrolls of identify {unknown}
 j - 4 scrolls of amnesia {unknown}
 k - 3 scrolls of noise {!r}
 p - 2 scrolls of enchant armour {unknown}
 q - a scroll of enchant weapon {unknown}
 t - 4 scrolls of blinking {unknown}
 v - a scroll of immolation {unknown}
 w - a scroll of teleportation {@r4}
 x - a scroll of summoning {unknown}
 E - 2 scrolls of magic mapping {unknown}
Potions
 a - a potion of berserk rage {unknown}
 c - a potion of ambrosia
 f - 8 potions of lignification {unknown}
 l - 2 potions of curing {@q1}
 m - 4 potions of flight {unknown}
 o - 3 potions of resistance {unknown}
 u - 3 potions of mutation {unknown}
 B - 3 potions of degeneration {unknown}
 C - 2 potions of heal wounds {unknown}
 D - a potion of magic {unknown}
 H - 2 potions of attraction {unknown}
 I - a potion of invisibility {unknown}


   Skills:
 + Level 7.0 Fighting
 * Level 9.5 Polearms
 + Level 3.2 Armour
 + Level 4.4 Dodging
 - Level 3.1 Stealth
 - Level 7.3 Invocations
 - Level 3.0 Evocations


You had 9 spell levels left.
You didn't know any spells.
Your spell library contained the following spells:

 Spells                   Type           Power      Damage    Failure   Level
 Magic Dart               Conj           0%         1d3       54%         1
 Necrotise                Necr           0%         1d4       54%         1
 Call Imp                 Summ           0%         N/A       69%         2
 Static Discharge         Conj/Air       0%         3-3/arc   69%         2
 Call Canine Familiar     Summ           0%         N/A       89%         3
 Mephitic Cloud           Conj/Pois/Air  0%         N/A       89%         3
 Portal Projectile        Hex/Tloc       0%         N/A       89%         3
 Vampiric Draining        Necr           0%         2d6       89%         3
 Dispel Undead            Necr           0%         3d6       100%        4
 Leda's Liquefaction      Hex/Erth       0%         N/A       100%        4
 Sticky Flame             Conj/Fire      0%         2d3       100%        4
 Alistair's Intoxication  Tmut/Pois      0%         N/A       100%        5
 Borgnjor's Vile Clutch   Necr/Erth      0%         N/A       100%        5
 Eringya's Noxious Bog    Tmut/Pois      0%         N/A       100%        6
 Haunt                    Necr/Summ      0%         N/A       100%        7
 Death's Door             Necr           0%         N/A       100%        9


Dungeon Overview and Level Annotations

Branches:
Dungeon (8/15) Zot: 25848  Temple (0/1) D:4         Ossuary (visited)
   Lair: D:8-11

Altars:
Cheibriados
Dithmenos
Hepliaklqana
Kikubaaqudgha
Makhleb
Vehumet
Wu Jian

Shops:
D:1 [

Annotations:
D:5 exclusion: door
D:7 1 runed translucent door


Innate Abilities, Weirdness & Mutations

You have very sharp fingernails.
You are mostly covered in slimy green scales. (AC +3)
You sometimes gain power by taking damage.
A meltable shield of frost defends you. (SH +4)


Message History

You barely miss the orc wizard.
The orc wizard hits you but does no damage.
You hit the orc wizard.
You kill the orc wizard!
Makhleb accepts your kill.
You feel better.
No target in view!
Items here: ))))))) [[[[ †.
A wyvern comes into view.
The wyvern writhes in agony.
You reach to attack!
You hit the wyvern. The wyvern bites you!
You closely miss the wyvern. You block the wyvern's attack.
You closely miss the wyvern. The wyvern bites you!
You hit the wyvern. The wyvern misses you.
You closely miss the wyvern. The wyvern bites you! The wyvern misses you.
You closely miss the wyvern.
The wyvern hisses menacingly.
The wyvern bites you.
You hit the wyvern but do no damage. The wyvern misses you.
You hit the wyvern but do no damage. You block the wyvern's attack.
You closely miss the wyvern. The wyvern bites you!
* * * LOW HITPOINT WARNING * * *
You are too injured to fight recklessly!
Aim: a wyvern (moderately wounded)
Okay, then.
You are too injured to fight recklessly!
You are too injured to fight recklessly!
You puncture the wyvern! You block the wyvern's attack. The wyvern bites you.
* * * LOW HITPOINT WARNING * * *
You hit the wyvern. The wyvern closely misses you.
Unknown command.
You closely miss the wyvern. You block the wyvern's attack.
You closely miss the wyvern. The wyvern bites you!
* * * LOW HITPOINT WARNING * * *
Okay, then.
You feel better. The wyvern bites you.
* * * LOW HITPOINT WARNING * * *
The wyvern closely misses you.
Okay, then.
The roots erupt in riotous growth!
Roots grab the wyvern.
The grasping roots constrict the wyvern.
You hear an angry hiss.
You hear a howl!
The wyvern bites you but does no damage.
The grasping roots constrict the wyvern.
The roots release their grip on the wyvern.
The wyvern bites you!
* * * LOW HITPOINT WARNING * * *
You feel yourself speed up. The wyvern bites you!
You die...

#....##.# # #.##.##.#
#.##.##.# #......<#
###...### #...# # ##
#...# #######.#..
.####...#######..........
.............#..@l...#
...............#####.....
.............#.# ...
.##.#####.####.# . ....#
#.# #.# ###.# #.# #.#
###.# #.# #.# ....#####.#
#.# .##.......## ..


You could see a wyvern.

Vanquished Creatures
  A hornet (D:7)
  A troll (D:5)
  7 yaks
  A steam dragon (D:6)
  2 orc warriors
  A black bear (D:8)
  3 sky beasts (D:7)
  2 ogres
  A centaur (D:6)
  An elf zombie (Ossuary)
  4 bullfrogs (D:7)
  3 scorpions
  4 wights (D:7)
  A centaur zombie (Ossuary)
  3 hounds
  A human zombie (Ossuary)
  6 orc priests
  A jelly (D:6)
  Natasha (thrice) (D:3)
  2 iguanas
  6 orc wizards
  2 hound zombies (Ossuary)
  3 mummies (Ossuary)
  8 adders
  6 gnolls (D:4)
  2 white imps
  2 ufetubi
  4 adder zombies (Ossuary)
  A worm (D:4)
  2 dart slugs
  35 orcs
  5 ball pythons
  2 endoplasms
  3 giant cockroaches
  A gnoll zombie (Ossuary)
  9 goblins
  6 hobgoblins
  5 jackals
  6 kobolds
  2 quokkas
  8 bats
  9 frilled lizards
  3 goblin zombies (Ossuary)
  4 hobgoblin zombies (Ossuary)
  5 jackal zombies (Ossuary)
  4 kobold zombies (Ossuary)
  2 orc zombies (Ossuary)
  2 quokka zombies (Ossuary)
  4 rats (D:1)
  2 rat zombies (Ossuary)
  A spectral orc (D:6)
202 creatures vanquished.

Vanquished Creatures (collateral kills)
  Eustachio (D:4)
  Blork the orc (D:4)
  An elf zombie (Ossuary)
  Ijyb (D:3)
  A white imp (D:4)
  An orc (D:4)
  A bat (D:3)
  A kobold (D:4)
  An orc zombie (Ossuary)
  A rat zombie (Ossuary)
10 creatures vanquished.

Grand Total: 212 creatures vanquished

Notes
Turn   | Place    | Note
-------+----------+-------------------------------------------
     0 | D:1      | GeoRichter the Demonspawn Monk began the quest for the Orb.
     0 | D:1      | Reached XP level 1. HP: 18/18 MP: 1/1
   178 | D:1      | Gained mutation: A meltable shield of frost defends you.
                  | (SH +4) [demonic ancestry]
   178 | D:1      | Reached XP level 2. HP: 24/24 MP: 2/2
   182 | D:1      | Found a faded altar of an unknown god.
   310 | D:1      | Found a burning altar of Makhleb.
   321 | D:1      | Became a worshipper of Makhleb the Destroyer
   321 | D:1      | Reached * piety under Makhleb
   321 | D:1      | Reached ** piety under Makhleb
   422 | D:1      | Got the Directory of Diablerie
   459 | D:1      | Found Pauliv's Antique Armour Shop.
   684 | D:1      | Gained mutation: You have sharp fingernails. [demonic
                  | ancestry]
   684 | D:1      | Reached XP level 3. HP: 28/29 MP: 3/3
   955 | D:2      | Reached skill level 3 in Polearms
   955 | D:2      | Reached skill level 1 in Invocations
  2096 | D:3      | Noticed Natasha
  2115 | D:3      | Killed Natasha
  2116 | D:3      | Gained mutation: You sometimes gain a little power by
                  | taking damage. [demonic ancestry]
  2116 | D:3      | Reached XP level 4. HP: 35/35 MP: 5/5
  2124 | D:3      | Noticed Natasha
  2134 | D:3      | Killed Natasha
  2433 | D:3      | Noticed Natasha
  2681 | D:3      | Reached skill level 4 in Polearms
  2707 | D:3      | Killed Natasha
  2708 | D:3      | Reached XP level 5. HP: 15/41 MP: 5/7
  3008 | D:3      | Reached *** piety under Makhleb
  3258 | D:3      | Noticed Ijyb
  3293 | D:3      | Killed Ijyb
  3828 | D:4      | Found a sand-covered staircase.
  3876 | Ossuary  | Entered an ossuary
  4045 | Ossuary  | Reached XP level 6. HP: 27/47 MP: 8/8
  4059 | Ossuary  | Reached skill level 5 in Polearms
  5018 | D:4      | Gained mutation: You sometimes gain power by taking damage.
                  | [demonic ancestry]
  5018 | D:4      | Reached XP level 7. HP: 50/53 MP: 10/10
  5132 | D:4      | Noticed Blork the orc
  5142 | D:4      | Killed Blork the orc
  5147 | D:4      | Reached skill level 5 in Invocations
  5393 | D:4      | Noticed Eustachio
  5624 | D:4      | Reached skill level 6 in Polearms
  5628 | D:4      | Found a staircase to the Ecumenical Temple.
  5640 | D:4      | Killed Eustachio
  5849 | D:5      | Entered Level 5 of the Dungeon
  6135 | D:5      | Gained mutation: You are partially covered in slimy green
                  | scales. (AC +2) [demonic ancestry]
  6135 | D:5      | Reached XP level 8. HP: 60/61 MP: 12/12
  6197 | D:5      | Identified the +8 mace "Onnogag" {venom, Dex+4}
  6290 | D:5      | Identified the +1 ring mail "Tuzetix" {Rampage}
  6465 | D:5      | Noticed a troll
  6473 | D:5      | Killed a troll
  6474 | D:5      | Reached skill level 5 in Fighting
  6474 | D:5      | Reached skill level 7 in Polearms
  6640 | D:5      | Reached **** piety under Makhleb
  7646 | D:6      | Found a radiant altar of Vehumet.
  8375 | D:6      | Found a hazy altar of Hepliaklqana.
  8489 | D:6      | Reached skill level 8 in Polearms
  8711 | D:6      | Found a burning altar of Makhleb.
  8948 | D:7      | Gained mutation: You are mostly covered in slimy green
                  | scales. (AC +3) [demonic ancestry]
  8948 | D:7      | Reached XP level 9. HP: 64/69 MP: 14/14
  9025 | D:7      | Reached skill level 1 in Evocations
  9192 | D:7      | Found a snail-covered altar of Cheibriados.
  9257 | D:7      | Reached skill level 1 in Armour
  9855 | D:7      | Found a runed translucent door.
 10570 | D:7      | Found a shadowy altar of Dithmenos.
 10689 | D:7      | Reached skill level 9 in Polearms
 11026 | D:8      | Found an ornate altar of the Wu Jian Council.
 11037 | D:8      | Found an ancient bone altar of Kikubaaqudgha.
 11385 | D:8      | Gained mutation: You have very sharp fingernails. [demonic
                  | ancestry]
 11385 | D:8      | Reached XP level 10. HP: 54/77 MP: 15/15
 12118 | D:8      | HP: 3/63 [wyvern (9)]
 12119 | D:8      | Mangled by a wyvern

Illustrated notes

Levels and vault maps discovered:
D:1:      mrwooster_arrival_statue_2, layout_basic,
          shapermc_ecumenical_altar_mp_ritualfount, serial_shops, shop,
          minmay_hexomino_r4
D:2:      layout_loops_ring, minmay_door_square, feat_on_display
D:3:      layout_rooms, elyvilon_altar_1, nicolae_eternal_life,
          minmay_misc_feat_rows, minmay_misc_feat_secret_circle, uniq_ijyb,
          uniq_natasha
D:4:      layout_loops_ring, minmay_temple_entry_large_hall, enter_ossuary_2,
          minmay_misc_feat_iff, uniq_blork_the_orc, uniq_eustachio
D:5:      layout_basic, serial_park_tiny_pond, grunt_tough_drop
D:6:      layout_loops_ring, vehumet_altar_wand_db, lightli_temple_of_fire,
          nicolae_hepliaklqana_monster_ancestors, nrook_campfire
D:7:      layout_layer_cave, old_standard_altar, chei_slow_surprise,
          lightli_church_of_beogh
D:8:      layout_loops_cross, lemuel_round_altar, mainiacjoe_overflow_boulevard

Skill      XL: |  1  2  3  4  5  6  7  8  9 10 |
---------------+-------------------------------+-----
Stealth        | 2 3 |  3.1
Polearms       | 3 4 5 6 8 9 |  9.5
Invocations    | 2 3 4 5 7 |  7.3
Fighting       | 4 5 6 7 |  7.0
Evocations     | 3 |  3.0
Dodging        | 4 |  4.4
Armour         | 2 3 |  3.2

Action                   |  1- 3 |  4- 6 |  7- 9 | 10-12 || total
-------------------------+-------+-------+-------+-------++-------
Melee: Spear             |    99 |   129 |       |       ||   228
       Unarmed           |       |     8 |       |       ||     8
       Punch             |       |     2 |     6 |     1 ||     9
       Trident           |       |     1 |   294 |    81 ||   376
Invok: Minor Destruction |    44 |   124 |   183 |     7 ||   358
       Lesser Servant of |       |     3 |     2 |       ||     5
Evoke: Wand              |       |       |     3 |     1 ||     4
  Use: Scroll            |       |     4 |     1 |     1 ||     6
       Potion            |       |     3 |       |     2 ||     5
 Stab: Sleeping          |     4 |     4 |       |       ||     8
       Distracted        |       |       |       |     1 ||     1
Armor: Robe              |    10 |       |       |       ||    10
       Leather armour    |     3 |    12 |       |       ||    15
       Ring mail         |       |    24 |    91 |     9 ||   124
Dodge: Dodged            |    54 |    80 |   132 |    29 ||   295
Block: Other             |    12 |    28 |    34 |     9 ||    83
